 Dungeon Crawl Stone Soup version 0.31-a0-237-g2d982f9f85 (webtiles) character file.

Game seed: 10232291708144361293

58 qw the Shooter (level 4, -1/26 HPs)
             Began as a Gargoyle Hexslinger on July 11, 2023.
             Slain by a worm (9 damage)
             ... on level 2 of the Dungeon.
             The game lasted 00:00:28 (1248 turns).

qw the Shooter (Gargoyle Hexslinger)                Turns: 1248, Time: 00:00:29

Health: -1/26      AC:  5    Str: 12    XL:     4   Next: 1%
Magic:  5/5        EV: 12    Int: 13    God:
Gold:   110        SH:  0    Dex: 20    Spells: 4/5 levels left

rFire   . . .        Y - +1 sling
rCold   . . .        (no shield)
rNeg    + . .        c - +0 robe
rPois   inf          (no helmet)
rElec   +            (no cloak)
rCorr   .            (no gloves)
SInv    .            (no boots)
Will    .....        (no amulet)
Stlth   ++           e - +6 ring of dexterity
HPRegen 0.24/turn    (no ring)
MPRegen 0.09/turn

%: no passive effects
@: no status effects
A: sickness immunity, AC +3, negative energy resistance 1, electricity
resistance, torment resistance 1, petrification resistance
a: no special abilities


You were on level 2 of the Dungeon.
You visited 1 branch of the dungeon, and saw 2 of its levels.

You collected 110 gold pieces.


Innate Abilities, Weirdness & Mutations

You are immune to sickness and miasma.
Your stone body is resilient. (AC +3)
You are immune to poison.
You resist negative energy. (rN+)
You are resistant to electric shocks. (rElec)
You are resistant to unholy torment.
You are immune to petrification.


   Skills:
 - Level 2.3 Fighting
 + Level 3.6 Ranged Weapons
 - Level 1.5 Dodging
 - Level 1.0 Spellcasting
 - Level 2.6 Hexes


You had 4 spell levels left.
You knew the following spells:

 Your Spells              Type           Power      Damage    Failure   Level
a - Slow                  Hex            28%        N/A       10%         1

Your spell library contained the following spells:

 Spells                   Type           Power      Damage    Failure   Level
 Inner Flame              Hex/Fire       4%         N/A       43%         3
 Portal Projectile        Hex/Tloc       8%         N/A       43%         3
 Cause Fear               Hex            3%         N/A       67%         4

Inventory:

Hand Weapons
 Y - a +1 sling (weapon)
Armour
 c - a +0 robe (worn)
 i - a +0 ring mail
Jewellery
 e - a +6 ring of dexterity (left hand)
 g - a +5 ring of evasion
Scrolls
 a - 3 scrolls of identify {unknown}
 f - a scroll of butterflies {unknown}
 j - a scroll of torment {unknown}
Potions
 b - a potion of haste {unknown}
 d - 2 potions of curing {unknown}
 h - a potion of might {unknown}

Dungeon Overview and Level Annotations

Branches:
Dungeon (2/15)

Altars:

Shops:
D:1 (*


Message History

The sling bullet closely misses the jackal.
The jackal bites you but does no damage.
The jackal closely misses you. The jackal bites you.
The jackal bites you but does no damage.
You shoot a sling bullet.
The sling bullet barely misses the jackal.
The jackal bites you. x2; The jackal barely misses you.
You shoot a sling bullet. The sling bullet hits the jackal.
You kill the jackal!
The jackal bites you but does no damage. x2
You shoot a sling bullet.
The sling bullet barely misses the jackal.
The jackal bites you but does no damage.
You shoot a sling bullet.
The sling bullet closely misses the jackal.
The jackal bites you. x3
You shoot a sling bullet. The sling bullet hits the jackal.
You kill the jackal!
The jackal barely misses you. The jackal closely misses you.
You shoot a sling bullet.
The sling bullet closely misses the jackal.
The jackal bites you but does no damage.
The jackal closely misses you.
The jackal bites you but does no damage.
You shoot a sling bullet. The sling bullet hits the jackal!
You kill the jackal!
The jackal bites you. x2
You have reached level 4!
You feel stronger.
You shoot a sling bullet.
The sling bullet hits the worm but does no damage.
The jackal bites you. The jackal closely misses you. The worm misses you.
You shoot a sling bullet. The sling bullet hits the worm!
The worm is heavily wounded.
The jackal bites you.
You shoot a sling bullet. The sling bullet hits the worm.
The worm is heavily wounded.
The jackal barely misses you.
The jackal bites you but does no damage.
The worm bites you!
You die...

###### .....#
# #.##.#
..##.##.##.##
....).wh(...#
.%##. #@##..#
.....##.##%.#
............#
..%.....###.#
........# #.#
#.##.##.# #.#
..##.##.# #.#
#.##.##.# #.#
#.##.##.###.#


You could see a worm and a jackal.

Vanquished Creatures
  An adder (D:2)
  2 dart slugs
  2 bats
  3 endoplasms
  2 giant cockroaches
  6 goblins
  3 hobgoblins
  5 jackals (D:2)
  3 quokkas
  4 ball pythons
  2 kobolds (D:1)
  7 rats
40 creatures vanquished.

Notes
Turn   | Place    | Note
-------+----------+-------------------------------------------
     0 | D:1      | qw the Gargoyle Hexslinger began the quest for the Orb.
     0 | D:1      | Reached XP level 1. HP: 12/12 MP: 2/2
     0 | D:1      | 0 ||| qw: Version: 0.3-a-52-g30416fa
     0 | D:1      | 0 ||| qw: Game counter: 5652
     0 | D:1      | 0 ||| qw: Melee chars always use a shield: true
     0 | D:1      | 0 ||| qw: God list: Okawaru
     0 | D:1      | 0 ||| qw: Allow faded altars: false
     0 | D:1      | 0 ||| qw: Do Orc after clearing Dungeon:15 true
     0 | D:1      | 0 ||| qw: Do second Lair branch before Depths: true
     0 | D:1      | 0 ||| qw: Lair rune preference: random
     0 | D:1      | 0 ||| qw: Goals: Normal
     0 | D:1      | 0 ||| PLANNING D:1-11
   272 | D:1      | Found Jaekhloz's Assorted Antiques.
   279 | D:1      | 279 ||| SHOPLISTING fuming coppery potion (24 gold, have
                  | 17).
   279 | D:1      | 279 ||| SHOPLISTING pair of boots (121 gold, have 17).
   279 | D:1      | 279 ||| SHOPLISTING scroll labelled EROLEYG XADGHYS (27
                  | gold, have 17).
   373 | D:1      | Reached XP level 2. HP: 16/16 MP: 3/3
   382 | D:1      | Found Nuaronny's Weapon Boutique.
   397 | D:1      | 397 ||| SHOPLISTING +0 sling of flaming (56 gold, have 17).
   397 | D:1      | 397 ||| SHOPLISTING +4 orcbow (306 gold, have 17).
   510 | D:1      | Reached skill level 3 in Ranged Weapons
   532 | D:1      | Found a faded altar of an unknown god.
   733 | D:1      | 733 ||| UPGRADING to +6 ring of dexterity.
   734 | D:1      | 734 ||| READING 2 scrolls labelled GAGIUQ ABLEMY.
   735 | D:1      | 735 ||| READING scroll labelled LIREMA IRGHAOPH.
   736 | D:1      | 736 ||| DROPPING scroll of blinking.
   737 | D:1      | 737 ||| DROPPING scroll of poison.
   837 | D:2      | Reached XP level 3. HP: 21/21 MP: 4/4
  1246 | D:2      | Reached XP level 4. HP: 10/26 MP: 5/5
  1248 | D:2      | Slain by a worm

Levels and vault maps discovered:
D:1:      lemuel_arrival_funnel, layout_loops_ring, serial_shops,
          nicolae_shop_bloodbath_and_beyond, nicolae_shop_waterfront,
          shapermc_ecumenical_altar_mp_urbaneastern
D:2:      layout_loops_ring

Skill      XL: |  1  2 |
---------------+-------+-----
Ranged Weapons | 3 |  3.6
Fighting       | 2 |  2.3
Dodging        | |  1.5
Spellcasting   | |  1.0
Hexes          | |  2.6

Action                     |  1- 3 |  4- 6 || total
---------------------------+-------+-------++-------
   Fire: Sling             |   110 |     3 ||   113
    Use: Scroll            |     2 |       ||     2
 Armour: Robe              |    21 |     1 ||    22
  Dodge: Dodged            |    51 |     3 ||    54

Table legend:
 A = Non-vault XP
 B = Vault XP
 C = Vault XP percentage of total XP
 D = Non-vault monster count
 E = Vault monster count
 F = Vault count percentage of total count
                 A         B        C        D         E       F
            +---------+---------+-------+---------+---------+-------
      Total |      83 |       0 |   0.0 |      40 |       0 |   0.0
            +---------+---------+-------+---------+---------+-------
        D:1 |      27 |       0 |   0.0 |      15 |       0 |   0.0
        D:2 |      56 |       0 |   0.0 |      25 |       0 |   0.0
            +---------+---------+-------+---------+---------+-------
